 Dungeon Crawl Stone Soup version 0.16-a0-2757-g883b90a (webtiles) character file.

11186 PolkaDot the Slicer (level 11, -3/87 HPs)
             Began as a Vampire Summoner on Nov 27, 2014.
             Was a Believer of Sif Muna.
             Killed by nerve-wracking pain
             ... invoked by nht's ghost
              (10 damage)
             ... on level 10 of the Dungeon.
             The game lasted 00:47:30 (9126 turns).

PolkaDot the Slicer (Vampire Summoner)              Turns: 9126, Time: 00:47:31

Health: -3/87      AC:  5    Str:  7    XL:     11   Next: 46%
Magic:  12/26      EV: 14    Int: 23    God:    Sif Muna [**....]
Gold:   105        SH:  0    Dex: 14    Spells: 5 memorised, 0 levels left

rFire  . . .     SeeInvis +     a - +0 rapier (vamp)
rCold  . . .     Clarity  +     e - +0 leather armour
rNeg   . . .     SustAb   .     (no shield)
rPois  .         Gourm    .     B - +0 hat {Int+3}
rElec  .         Spirit   .     (no cloak)
rCorr  .         Warding  .     (no gloves)
rMut   .         Stasis   .     (no boots)
MR     +....                    d - amulet of regeneration
Stlth  ++........               v - ring of magical power
                                x - +4 ring of evasion

@: regenerating very quickly, drained, somewhat resistant to hostile
enchantments, unstealthy
A: bottle blood, fangs 3, slimy green scales 1, see invisible, clarity,
unbreathing
a: Channel Energy, Forget Spell, Renounce Religion


You were on level 10 of the Dungeon.
You worshipped Sif Muna.
Sif Muna was pleased with you.
You were almost alive.

You visited 2 branches of the dungeon, and saw 11 of its levels.

You collected 521 gold pieces.
You spent 416 gold pieces at shops.

Inventory:

Hand weapons
 a - a +0 vampiric rapier (weapon)
Missiles
 r - a throwing net (quivered)
Armour
 e - a +0 leather armour (worn)
 B - a +0 hat of intelligence (worn)
Jewellery
 c - an uncursed ring of teleport control
 d - an amulet of regeneration (around neck)
 v - a ring of magical power (right hand)
 x - a +4 ring of evasion (left hand)
Magical devices
 i - a wand of magic darts (7)
 s - a wand of disintegration (9)
Scrolls
 f - a scroll of recharging {unknown}
 g - 5 scrolls of fog
 j - a scroll of enchant weapon {unknown}
 k - a scroll of immolation
 n - 5 scrolls of remove curse
 o - a scroll of noise {unknown}
 w - a scroll of fear {unknown}
 y - a scroll of amnesia {unknown}
 A - a scroll of summoning {unknown}
 C - a scroll of teleportation
Potions
 h - a potion of cancellation
 l - 12 potions of blood {@*1}
 m - a potion of cure mutation {!q}
 p - a potion of brilliance
 q - 3 potions of curing
Books
 b - a book of Callings

   Spells                             Type                      Level
   *Summon Small Mammal               Summoning                    1
   *Call Imp                          Summoning                    2
   *Call Canine Familiar              Summoning                    3
   *Summon Guardian Golem             Hexes/Summoning              4
   Summon Lightning Spire             Summoning/Air                4
   *Summon Ice Beast                  Ice/Summoning                4
Miscellaneous
 u - a crystal ball of energy


   Skills:
 - Level 8.6(7.4) Fighting
 * Level 12.6(11.2) Short Blades
 - Level 2.1(1.1) Dodging
 - Level 3.0(1.9) Stealth
 - Level 2.0(0.9) Spellcasting
 + Level 3.8(2.7) Hexes
 + Level 9.4(8.1) Summonings
 - Level 5.4(4.2) Ice Magic
 - Level 3.1(2.1) Invocations


You couldn't memorise any spells.
You knew the following spells:

 Your Spells              Type           Power        Failure   Level  Hunger
a - Summon Small Mammal   Summ           ####         1%          1    ##.....
d - Call Canine Familiar  Summ           #####...     1%          3    ####...
g - Summon Guardian Gole  Hex/Summ       ####....     17%         4    #####..
i - Summon Ice Beast      Ice/Summ       ####....     14%         4    #####..
s - Call Imp              Summ           #####...     1%          2    ###....


Dungeon Overview and Level Annotations

Branches:
Dungeon (10/15)            Temple (1/1) D:7             Orc (0/4) D:9
   Lair: D:8-11

Altars:
Ashenzari
Cheibriados
Dithmenos
Makhleb
Nemelex Xobeh
Okawaru
Qazlal
Ru
Sif Muna
Trog
Vehumet
Yredelemnul
Zin
The Shining One

Shops:
D:8 (((}

Annotations:
D:10 nht's ghost, experienced DrNe


Innate Abilities, Weirdness & Mutations

Your natural rate of healing is extremely fast.
You can bottle blood from corpses.
You have razor-sharp teeth.
You have supernaturally acute eyesight.
You can survive without breathing.
You are partially covered in slimy green scales (AC +2).
You possess an exceptional clarity of mind.


Message History

You barely resist. You hit the giant frog. You bite the giant frog.
You kill the giant frog!
Nht's ghost hits you!
* * * LOW HITPOINT WARNING * * *
You hit nht's ghost.
Nht's ghost is lightly damaged.
Your ice beast freezes nht's ghost.
You barely miss nht's ghost.
Nht's ghost is moderately damaged.
Nht's ghost breathes negative energy at you.
The bolt of negative energy hits you!
You feel drained.
* * * LOW HITPOINT WARNING * * *
Drink which item? (? for menu, Esc to quit)
Okay, then.
Read which item? (? for menu, Esc to quit)
Okay, then.
Nht's ghost casts a spell at you. Pain shoots through your body!
You die...

###########
#.........#
#...@.....#
+.........+
#..YW[....#
#...Yh..).#
#...Y..<..#
###'#######
#. #. #.


You could see nht's ghost, 3 friendly ice beasts and a friendly wolf.

Vanquished Creatures
  Pikel (D:9)
  Psyche (D:9)
  A two-headed ogre (D:10)
  The ghost of asdu the Magician, an average HEIE (D:6)
  A wyvern (D:8)
  A warg (D:9)
  2 water moccasins
  5 orc warriors
  2 black bears
  3 ogres
  A centaur (D:7)
  A slave (D:9)
  A phantom (D:8)
  Sigmund (D:2)
  10 big kobolds
  6 giant frogs
  A gnoll sergeant (D:8)
  2 jellies
  2 scorpions (D:8)
  3 wights (D:9)
  A goliath beetle (D:6)
  4 crimson imps
  3 giant frog zombies
  5 hounds
  A gnoll shaman (D:4)
  8 orc wizards
  2 iguanas
  2 worker ants
  A hound skeleton (D:9)
  11 gnolls
  3 shadow imps
  6 adders
  2 giant mites (D:6)
  8 worms
  2 adder skeletons
  24 orcs
  A bat skeleton (D:5)
  8 goblins
  8 hobgoblins
  13 jackals
  5 ball pythons
  14 bats
  8 giant cockroaches
  5 giant geckos
  A giant gecko skeleton (D:5)
  A giant gecko zombie (D:4)
  11 giant newts
  32 kobolds
  4 quokkas
  A quokka skeleton (D:9)
  16 rats
  A ballistomycete (D:7)
258 creatures vanquished.

Vanquished Creatures (collateral kills)
  Gastronok (D:9)
  A wyvern (D:8)
  2 deep elf magi (D:9)
  A hippogriff (D:7)
  An ice beast (D:6)
  2 orc warriors
  A phantom (D:5)
  A yellow wasp (D:6)
  6 centaurs (D:9)
  A big kobold (D:7)
  3 killer bees (D:8)
  3 orc priests
  2 crimson imps
  2 goliath beetles
  A yellow wasp zombie (D:9)
  A hound (D:7)
  14 gnolls
  A river rat (D:9)
  3 adders
  An adder skeleton (D:4)
  12 orcs
  A ball python (D:3)
  2 bats
  A hobgoblin (D:6)
  2 jackals
  6 kobolds
  A quokka (D:8)
  A giant cockroach (D:1)
  A giant spore (D:7)
  3 goblins
  4 rats
82 creatures vanquished.

Vanquished Creatures (others)
  A warg (D:9)
  2 wolves (D:9)
  3 slaves (D:9)
  15 ice beasts
  8 crimson imps
  8 hounds
  2 shadow imps
  A white imp (D:9)
  A quokka (D:6)
41 creatures vanquished.

Grand Total: 381 creatures vanquished

Notes
Turn   | Place    | Note
--------------------------------------------------------------
     0 | D:1      | PolkaDot, the Vampire Summoner, began the quest for the Orb.
     0 | D:1      | Reached XP level 1. HP: 13/13 MP: 3/3
   370 | D:1      | Reached skill level 1 in Fighting
   597 | D:1      | Reached XP level 2. HP: 16/21 MP: 4/4
   601 | D:1      | Learned a level 2 spell: Call Imp
  1232 | D:2      | Found a basalt altar of Yredelemnul.
  1325 | D:2      | Reached XP level 3. HP: 23/27 MP: 0/6
  1438 | D:2      | Noticed Sigmund
  1464 | D:2      | Found a shadowy altar of Dithmenos.
  1475 | D:2      | Gained mutation: You have a pair of small horns on your head. [potion of mutation]
  1475 | D:2      | Gained mutation: You are partially covered in slimy green scales (AC +2). [potion of mutation]
  1475 | D:2      | Gained mutation: You evolve. [potion of mutation]
  1501 | D:2      | Killed Sigmund
  1501 | D:2      | Reached XP level 4. HP: 24/35 MP: 2/7
  1510 | D:2      | Learned a level 3 spell: Call Canine Familiar
  1678 | D:2      | Reached XP level 5. HP: 37/41 MP: 9/9
  1829 | D:2      | Lost mutation: You have a pair of small horns on your head. [evolution]
  2345 | D:3      | Found a shattered altar of Ashenzari.
  2410 | D:3      | Reached skill level 5 in Summonings
  2600 | D:4      | Reached XP level 6. HP: 46/49 MP: 10/10
  3094 | D:4      | Reached skill level 5 in Fighting
  3361 | D:4      | Found a stormy altar of Qazlal.
  3662 | D:5      | Entered Level 5 of the Dungeon
  3717 | D:6      | Reached XP level 7. HP: 10/57 MP: 1/12
  3720 | D:6      | HP: 1/57 [gnoll/spear (10)]
  3820 | D:6      | Found a sacrificial altar of Ru.
  3854 | D:6      | Reached skill level 6 in Fighting
  4006 | D:6      | Noticed asdu's ghost (average HEIE)
  4014 | D:6      | Killed asdu's ghost
  4211 | D:6      | Gained mutation: You possess an exceptional clarity of mind. [evolution]
  4211 | D:6      | Lost mutation: You evolve. [end of evolution]
  4247 | D:6      | Found a glowing golden altar of the Shining One.
  4367 | D:6      | Reached skill level 7 in Fighting
  4367 | D:6      | Reached XP level 8. HP: 43/67 MP: 4/13
  4529 | D:7      | Found a staircase to the Ecumenical Temple.
  4562 | Temple   | Entered the Ecumenical Temple
  4570 | Temple   | Became a worshipper of Sif Muna the Loreminder
  4585 | D:7      | Learned a level 4 spell: Summon Ice Beast
  4712 | D:5      | Reached skill level 1 in Ice Magic
  4718 | D:5      | Noticed a water moccasin
  4734 | D:5      | Killed a water moccasin
  4935 | D:5      | Found a sparkling altar of Nemelex Xobeh.
  4952 | D:5      | Reached skill level 8 in Fighting
  5339 | D:5      | Found a burning altar of Makhleb.
  5476 | D:7      | Acquired Sif Muna's first power
  5538 | D:7      | Reached XP level 9. HP: 34/74 MP: 5/14
  6263 | D:8      | Reached skill level 5 in Ice Magic
  6341 | D:8      | Found Wilaos' Gadget Emporium.
  6344 | D:8      | Bought a crystal ball of energy for 220 gold pieces
  6520 | D:8      | Found Nubuciha's Weapon Shoppe.
  6779 | D:8      | Found Ceoger's Weapon Shoppe.
  6804 | D:8      | Reached skill level 1 in Invocations
  6810 | D:8      | Reached skill level 1 in Short Blades
  6878 | D:8      | Acquired Sif Muna's second power
  6956 | D:8      | Found Thefarop's Weapon Boutique.
  7012 | D:8      | Found an iron altar of Okawaru.
  7375 | D:8      | Reached XP level 10. HP: 76/82 MP: 16/16
  7420 | D:8      | Bought a +0 vampiric rapier for 196 gold pieces
  7608 | D:8      | Reached skill level 11 in Short Blades
  7608 | D:8      | Reached XP level 11. HP: 87/87 MP: 17/17
  7610 | D:9      | Noticed Gastronok
  7957 | D:9      | Noticed Psyche
  7976 | D:9      | Killed Psyche
  7984 | D:9      | Learned a level 4 spell: Summon Guardian Golem
  8129 | D:9      | Reached skill level 12 in Short Blades
  8155 | D:9      | Reached skill level 1 in Hexes
  8282 | D:9      | Found a staircase to the Orcish Mines.
  8298 | D:9      | Noticed Pikel
  8346 | D:9      | Killed Pikel
  8570 | D:9      | Found a sparkling altar of Nemelex Xobeh.
  8630 | D:9      | Killed Gastronok
  9106 | D:10     | Entered Level 10 of the Dungeon
  9110 | D:10     | Noticed nht's ghost (experienced DrNe)
  9126 | D:10     | Killed from afar by nht's ghost

Action                   |  1- 3 |  4- 6 |  7- 9 | 10-12 || total
-------------------------+-------+-------+-------+-------++-------
Melee: Unarmed           |    70 |       |       |       ||    70
       Dagger            |    66 |   219 |   485 |     7 ||   777
       Short sword       |     7 |       |       |       ||     7
       Rapier            |       |       |       |   309 ||   309
 Cast: Summon Small Mamm |     8 |     1 |     4 |       ||    13
       Call Imp          |     5 |     9 |    16 |    11 ||    41
       Call Canine Famil |       |     6 |    11 |    13 ||    30
       Summon Ice Beast  |       |       |    11 |    34 ||    45
Invok: Channel Energy    |       |       |     3 |    54 ||    57
  Use: Potion            |     9 |    20 |    32 |    33 ||    94
       Scroll            |       |     4 |     7 |     2 ||    13
 Stab: Sleeping          |     4 |     7 |     6 |     3 ||    20
       Distracted        |     2 |     1 |     4 |     2 ||     9
       Invisible         |       |     1 |       |       ||     1
  Eat: Corpse            |    10 |       |       |       ||    10
